 Dungeon Sprint DCSS version 0.29.1-15-g9cfb28693d (webtiles) character file.

Game seed: 17422259442353486730

109 Groucho the Ducker (level 4, 0/57 HPs)
             Began as a Demonspawn Gladiator on Apr 4, 2023.
             Slain by a water moccasin (3 damage)
             ... in the Dungeon (Sprint IX: "|||||||||||||||||||||||||||||").
             The game lasted 00:00:33 (36 turns).

Groucho the Ducker (Demonspawn Gladiator)             Turns: 36, Time: 00:00:34

Health: 0/57       AC:  4    Str: 16    XL:     4   Next: 60%
Magic:  4/4        EV: 13    Int: 10    God:
Gold:   0          SH:  0    Dex: 14    Spells: 3/3 levels left

rFire   . . .      SeeInvis .   a - +0 war axe
rCold   . . .      Faith    .   (no shield)
rNeg    . . .      Spirit   .   b - +0 leather armour
rPois   .          Reflect  .   c - +0 helmet
rElec   .          Harm     .   (no cloak)
rCorr   .          Rampage  .   (no gloves)
Will    .....      NoTele   +   (no boots)
Stlth   ..........              (no amulet)
HPRegen 0.19/turn               (no ring)
MPRegen 0.09/turn               (no ring)

@: berserking, very quick
A: hooves 1, demonic touch 1
a: no special abilities


You were in the Dungeon.
You visited 1 branch

Inventory:

Hand Weapons
 a - a +0 war axe (weapon)
Missiles
 d - 3 throwing nets (quivered)
 e - a javelin
Armour
 b - a +0 leather armour (worn)
 c - a +0 helmet (worn)
Scrolls
 k - a scroll of blinking
Potions
 h - a potion of haste
 i - 2 potions of magic


   Skills:
 + Level 4.8 Fighting
 + Level 5.0 Axes
 - Level 1.9 Throwing
 + Level 3.8 Armour
 + Level 5.0 Dodging


You had 3 spell levels left.
You didn't know any spells.
Your spell library was empty.

Dungeon Overview and Level Annotations

Branches:
Dungeon (1/1)

Altars:


Innate Abilities, Weirdness & Mutations

You have large cloven feet.
Your touch may inflict minor irresistible damage on your foes.


Message History

Your hands begin to faintly glow with unholy energy.
You feel much better.
You feel sick.
You are no longer poisoned.
The ice beast hits you. The ice beast freezes you.
A red film seems to cover your vision as you go berserk!
You feel yourself moving faster!
You feel mighty! The ice beast hits you. The ice beast freezes you!
You slash the ice beast!
The ice beast is moderately wounded.
You barely miss the ice beast.
The ice beast is moderately wounded.
The ice beast barely misses you.
You hit the ice beast. Your touch misses the ice beast.
You punch the ice beast, but do no damage.
The ice beast is heavily wounded.
The ice beast closely misses you.
You barely miss the ice beast.
You touch the ice beast!
The ice beast is severely wounded.
The ice beast hits you.
* * * LOW HITPOINT WARNING * * *
The ice beast freezes you!
* * * LOW HITPOINT WARNING * * *
You slash the ice beast!
You kill the ice beast!
Your Fighting skill increases to level 4!
Your Axes skill gained 2 levels and is now at level 5!
Your Armour skill gained 2 levels and is now at level 3!
Your Dodging skill gained 2 levels and is now at level 5!
You have reached level 3!
Your experience leads to an increase in your attributes!
Increase (S)trength, (I)ntelligence, or (D)exterity?
You feel stronger. x2
You have reached level 4!
You feel clever.
Your demonic ancestry asserts itself...
Your feet thicken and deform.
You slash the water moccasin!
You touch the water moccasin!
The water moccasin is severely wounded.
The water moccasin bites you but does no damage.
The water moccasin bites you.
You die... ▓▓▓▓▓▓▓▓▓▓▓▓▓▓▓▓▓▓ ▓<...)....@SoS...+ ▓▓▓▓▓▓▓▓▓▓▓▓▓▓▓▓▓▓

You could see a water moccasin, an adder and an orc.

Vanquished Creatures
  An ice beast (D)
  An adder (D)
  2 hobgoblins (D)
  A ball python (D)
  A goblin (D)
  A rat (D)
7 creatures vanquished.

Notes
Turn   | Place    | Note
-------+----------+-------------------------------------------
     0 | D        | Groucho the Demonspawn Gladiator began the quest for the
                  | Orb.
     0 | D        | Reached XP level 1. HP: 16/16 MP: 1/1
    19 | D        | Noticed an ice beast
    19 | D        | Noticed a water moccasin
    29 | D        | Reached skill level 1 in Armour
    29 | D        | Discovered your monstrous ancestry.
    29 | D        | Gained mutation: Your touch may inflict minor irresistible
                  | damage on your foes. [demonic ancestry]
    29 | D        | Reached XP level 2. HP: 9/24 MP: 2/2
    35 | D        | Killed an ice beast
    36 | D        | Reached skill level 5 in Axes
    36 | D        | Reached skill level 5 in Dodging
    36 | D        | Reached XP level 3. HP: 3/32 MP: 3/3
    36 | D        | Gained mutation: You have large cloven feet. [demonic
                  | ancestry]
    36 | D        | Reached XP level 4. HP: 3/38 MP: 4/4
    36 | D        | Slain by a water moccasin

Illustrated notes

Levels and vault maps discovered:
D:        linesprint [early_d, line_temple, items_1, d_10, items_2, lair_1,
          lair_end, items_3, orc_1, orc_end, items_4, d_15, swamp_1, shoals_1,
          snake_1, spider_1, d_20, vaults_1, items_5, swamp_end, shoals_end,
          snake_end, spider_end, vaults_end, d_27, items_6, zot_1, zot_end,
          crypt_end, forest_end, elf_end, slime_end, tomb_end, abyss_end,
          pan_hell_end]

Skill      XL: |  1  2 |
---------------+-------+-----
Axes           | 3 5 |  5.0
Dodging        | 3 5 |  5.0
Fighting       | 3 4 |  4.8
Armour         | 1 3 |  3.8
Throwing       | |  1.9

Action                   |  1- 3 |  4- 6 || total
-------------------------+-------+-------++-------
Melee: War axe           |    22 |     1 ||    23
       Punch             |     2 |       ||     2
       Touch             |     1 |     1 ||     2
  Use: Potion            |     3 |       ||     3
Armor: Leather armour    |     5 |     1 ||     6
Dodge: Dodged            |    12 |       ||    12
